 Dungeon Crawl Stone Soup version 0.23-a0-436-g57debff (webtiles) character file.

466 Azzok the Ducker (level 6, -12/29 HPs)
             Began as a Felid Transmuter on Nov 16, 2018.
             Mangled by a warg (13 damage)
             ... on level 1 of the Lair of Beasts.
             The game lasted 00:10:42 (6155 turns).

Azzok the Ducker (Felid Transmuter)                 Turns: 6155, Time: 00:10:43

Health: -12/29     AC:  2    Str:  6    XL:     6   Next: 81%
Magic:  11/13      EV: 26    Int: 17    God:
Gold:   248        SH:  0    Dex: 21    Spells: 7/13 levels left
                                        Lives:  0   Deaths: 2

rFire    . . .     SeeInvis +     - Unarmed
rCold    . . .     Gourm    .   (shield unavailable)
rNeg     . . .     Faith    .   (armour unavailable)
rPois    x         Spirit   .   (helmet unavailable)
rElec    .         Reflect  .   (cloak unavailable)
rCorr    .         Harm     .   (gloves unavailable)
MR       .....                  (boots unavailable)
Stlth    ++........             (no amulet)
HPRegen  0.09/turn              f - +6 ring of slaying
MPRegen  0.13/turn              t - ring of see invisible

@: spider-form (expiring)
A: tiny, no armour, no weapons or thrown items, stealth, see invisible,
carnivore, slow metabolism 1
a: End Transformation


You were on level 1 of the Lair of Beasts.
You were full.
You were a venomous arachnid creature.
You visited 3 branches of the dungeon, and saw 9 of its levels.

You collected 248 gold pieces.

Inventory:

Missiles
 a - 29 arrows
Jewellery
 f - a +6 ring of slaying (left front leg)
 t - a ring of see invisible (right front leg)
Wands
 n - a wand of random effects (16)
 p - a wand of scattershot (4)
 s - a wand of iceblast (3)
Scrolls
 b - 4 scrolls of remove curse
 d - 2 scrolls of teleportation
 l - 2 scrolls of immolation
 m - 2 scrolls of fog {unknown}
Potions
 e - a potion of invisibility
 i - 2 potions of flight
 j - a potion of ambrosia
 k - a potion of heal wounds
 q - a potion of curing
Comestibles
 c - 6 rations


   Skills:
 + Level 4.4 Fighting
 + Level 6.4 Dodging
 + Level 5.3 Unarmed Combat
 + Level 4.4 Spellcasting
 + Level 5.3 Transmutations


You had 7 spell levels left.
You knew the following spells:

 Your Spells              Type           Power        Failure   Level  Hunger
a - Beastly Appendage     Tmut           ###...       8%          1    None
b - Spider Form           Tmut/Pois      ##........   34%         3    ###....
d - Sticks to Snakes      Tmut           ###.....     10%         2    ##.....

Your spell library contained the following spells:

 Spells                   Type           Power        Failure   Level  Hunger
 Summon Small Mammal      Summ           #...         34%         1    None
 Call Imp                 Summ           #.......     43%         2    ##.....
 Call Canine Familiar     Summ           #.......     63%         3    ###....
 Summon Guardian Golem    Hex/Summ       #.......     63%         3    ###....
 Blade Hands              Tmut           ###.......   65%         5    ######.
 Ice Form                 Ice/Tmut       ##......     67%         4    ####...
 Summon Ice Beast         Ice/Summ       #.......     94%         4    ####...
 Summon Lightning Spire   Summ/Air       #.......     94%         4    ####...


Dungeon Overview and Level Annotations

Branches:
Dungeon (8/15)             Temple (1/1) D:4            Lair (1/6) D:8

Altars:
Ashenzari
Cheibriados
Dithmenos
Elyvilon
Fedhas
Gozag
Nemelex Xobeh
Okawaru
Qazlal
Ru
Sif Muna
Vehumet
Wu Jian
Yredelemnul
Zin
The Shining One


Innate Abilities, Weirdness & Mutations

You cannot wear armour.
You are incapable of wielding weapons or throwing items.
Your paws allow you to move quietly. (Stealth)
((You have sharp claws.))
((You have razor-sharp teeth.))
You have supernaturally acute eyesight. (SInv)
You are carnivorous and can eat meat at any time.
((You cover ground quickly.))
((You are covered in thick fur. (AC +2)))
You have a slow metabolism.
((Your sharp claws are effective at attacking unaware monsters.))


Message History

The warg howls!
The warg barely misses you. The warg closely misses you.
There is a staircase to the Lair here.
The warg bites you! The warg closely misses you.
The warg completely misses you.
You climb downwards.
Welcome back to the Lair of Beasts!
Your transformation is almost over.
There is a staircase back to the Dungeon here.
The warg stops to sniff the ground.
The warg bites you.
You see here an adder skeleton.
You bite the warg!
The warg is moderately wounded.
The warg bites you!!
Ouch! That really hurt!
* * * LOW HITPOINT WARNING * * *
You hit the warg.
The warg is moderately wounded.
The warg completely misses you. The warg bites you!
You die...

···· ▒··· ▒···
▒··· ▒▒ ▒··· ··▒
▒··· ··▒
·▒·▒···▒▒▒▒P··▒▒·
·······hhs·······
······)·▒▒▒▒·····
▒·▒▒P··▒▒ ·▒P
▒▒·· ▒·· ▒·· ··?
····


You could see 2 wargs.

Vanquished Creatures
  Eustachio (D:5)
  A water moccasin (D:5)
  A phantom (D:5)
  2 ogres
  A bullfrog (D:8)
  A crimson imp (D:5)
  4 hounds
  4 orc priests
  2 orc wizards
  Ijyb (D:4)
  2 worker ants
  A worker ant zombie (D:5)
  7 gnolls
  10 adders
  2 shadow imps
  2 oozes
  2 worms
  3 dart slugs
  3 leopard geckos
  11 orcs
  3 ball pythons (D:2)
  7 bats
  6 giant cockroaches
  7 hobgoblins
  6 jackals
  5 frilled lizards
  A giant cockroach zombie (D:5)
  8 goblins
  5 kobolds
  A quokka skeleton (D:5)
  11 rats
121 creatures vanquished.

Notes
Turn   | Place    | Note
-------+----------+-------------------------------------------
     0 | D:1      | Azzok the Felid Transmuter began the quest for the Orb.
     0 | D:1      | Reached XP level 1. HP: 9/9 MP: 4/4
   408 | D:1      | Reached skill level 3 in Dodging
   408 | D:1      | Reached XP level 2. HP: 12/12 MP: 6/6
  1137 | D:2      | Reached XP level 3. HP: 15/15 MP: 7/7
  1300 | D:2      | Found a sacrificial altar of Ru.
  1603 | D:2      | Reached XP level 4. HP: 19/19 MP: 8/8
  1608 | D:2      | Learned a level 3 spell: Spider Form
  1782 | D:2      | Reached XP level 5. HP: 22/22 MP: 10/10
  1788 | D:2      | Reached skill level 4 in Dodging
  2087 | D:3      | Learned a level 2 spell: Sticks to Snakes
  2966 | D:4      | Gained mutation: You are covered in thick fur. (AC +2)
                  | [Felid growth]
  2966 | D:4      | Reached XP level 6. HP: 27/27 MP: 11/11
  3199 | D:4      | Found a staircase to the Ecumenical Temple.
  3208 | Temple   | Entered the Ecumenical Temple
  3437 | D:4      | Found a glowing golden altar of the Shining One.
  3444 | D:4      | Noticed Ijyb
  3454 | D:4      | Killed Ijyb
  3841 | D:5      | Entered Level 5 of the Dungeon
  3856 | D:5      | Noticed a water moccasin
  3869 | D:5      | Killed a water moccasin
  4229 | D:5      | Noticed Eustachio
  4247 | D:5      | Killed Eustachio
  4247 | D:5      | Reached skill level 5 in Dodging
  4247 | D:5      | Reached XP level 7. HP: 17/31 MP: 10/13
  5178 | D:5      | Reached skill level 5 in Unarmed Combat
  5672 | D:6      | You fall through a shaft for 2 floors!
  5672 | D:8      | Found a staircase to the Lair.
  5683 | D:8      | Slain by a warg
  5684 | D:8      | Reached XP level 6. HP: -3/28 MP: 12/13
  5718 | D:8      | Reached skill level 6 in Dodging
  5718 | D:8      | Reached skill level 5 in Transmutations
  5718 | D:8      | Reached XP level 7. HP: 14/32 MP: 11/14
  5921 | D:8      | Mangled by an ogre
  5922 | D:8      | Reached XP level 6. HP: -11/28 MP: 13/13
  5926 | Lair:1   | Entered Level 1 of the Lair of Beasts
  6154 | Lair:1   | HP: 1/29 [warg (18)]
  6155 | Lair:1   | Mangled by a warg

Vault maps used:
D:1:      minmay_arrival_checkered_box, serial_rivers,
          chequers_serial_rivers_micro_a, chequers_serial_rivers_large_a,
          chequers_serial_rivers_small_b, chequers_serial_rivers_micro_c,
          chequers_serial_rivers_micro_e
D:2:      chequers_serial_rivers_small_a, nicolae_ru_great_annihilating_truth
D:4:      nicolae_tso_carved_into_rock, minmay_temple_entry_junction_2,
          first_ration, uniq_ijyb
D:5:      uniq_eustachio
D:6:      kennysheep_mini_moat, uniq_edmund
D:8:      erik_lair_orcish_takeover
Temple:   regret_index_temple_sphere_string

Skill      XL: |  1  2  3  4  5  6  7 |
---------------+----------------------+-----
Dodging        | 3 4 6 |  6.4
Transmutations | 3 5 |  5.3
Fighting       | 2 3 4 |  4.4
Spellcasting   | 3 4 |  4.4
Unarmed Combat | 4 5 |  5.3

Action                   |  1- 3 |  4- 6 |  7- 9 || total
-------------------------+-------+-------+-------++-------
Melee: Unarmed           |    76 |   147 |    93 ||   316
       Bite              |     5 |     5 |     5 ||    15
       Punch             |     1 |     1 |       ||     2
 Cast: Spider Form       |       |     8 |     4 ||    12
       Beastly Appendage |       |       |     1 ||     1
Evoke: Wand              |       |     2 |       ||     2
  Use: Potion            |     2 |     1 |       ||     3
       Scroll            |       |       |     9 ||     9
 Stab: Sleeping          |     9 |     5 |       ||    14
       Paralysed         |     1 |     3 |       ||     4
       Invisible         |     1 |       |       ||     1
       Distracted        |       |     1 |       ||     1
  Eat: Chunk             |     8 |    12 |     5 ||    25
Armor: Skin              |     3 |     6 |     4 ||    13
Dodge: Dodged            |    46 |   143 |    76 ||   265

Table legend:
 A = Non-vault XP
 B = Vault XP
 C = Vault XP percentage of total XP
 D = Non-vault monster count
 E = Vault monster count
 F = Vault count percentage of total count
                 A         B        C        D         E       F
            +---------+---------+-------+---------+---------+-------
      Total |    1366 |     430 |  23.9 |     110 |      11 |   9.1
            +---------+---------+-------+---------+---------+-------
        D:1 |      37 |       0 |   0.0 |      21 |       0 |   0.0
        D:2 |     127 |      44 |  25.7 |      26 |       4 |  13.3
        D:3 |     156 |       0 |   0.0 |      33 |       0 |   0.0
        D:4 |      44 |      36 |  45.0 |       3 |       1 |  25.0
        D:5 |     657 |     191 |  22.5 |      20 |       1 |   4.8
        D:6 |      98 |       0 |   0.0 |       3 |       0 |   0.0
        D:8 |     234 |     118 |  33.5 |       3 |       4 |  57.1
     Lair:1 |      13 |      41 |  75.9 |       1 |       1 |  50.0
            +---------+---------+-------+---------+---------+-------
